Map: [ESL] Data-C

Players

ArT - Winner!

  • Race: Protoss Protoss
  • Spawn Location: 3:00

goblin

  • Race: Protoss Protoss
  • Spawn Location: 9:00

Event: DreamHack SC2 Masters 2022 Atlanta (Online)

VOD

Have the link to the VOD?

Description

Time

  • Played on: Oct. 8, 2022, 11:07 a.m.
  • Length: 9:53

All games in this series

Show
View Real Time Build Order
Export as new Build Order

ArT Protoss - Winner!

Build Orders: Oracle Opening 

Get SALT Encoding   

  12  0:00  Probe  
  13  0:12  Probe  
  14  0:17  Pylon  
  14  0:24  Probe (Chrono Boost)  
  15  0:36  Probe (Chrono Boost)  
  15  0:37  Gateway  
  16  0:45  Probe (Chrono Boost)  
  16  0:46  Assimilator  
  17  0:51  Probe  
  18  0:58  Assimilator  
  18  1:03  Probe (Chrono Boost)  
  19  1:09  Gateway  
  19  1:13  Probe (Chrono Boost)  
  20  1:18  Probe  
  21  1:26  Cybernetics Core  
  21  1:30  Probe  
  22  1:36  Pylon  
  22  1:42  Probe  
  23  1:55  Probe  
  24  2:02  Stalker  
  24  2:03  Warp Gate, Stalker  
  28  2:13  Pylon  
  28  2:25  Stargate  
  28  2:49  Nexus, Probe  
  29  3:01  Probe  
  30  3:06  Oracle (Chrono Boost)  
  33  3:14  Probe  
  33  3:17  Shield Battery  
  34  3:26  Probe  
  35  3:28  Pylon  
  35  3:33  Oracle (Chrono Boost)  
  35  3:38  Probe  
  39  3:44  Twilight Council  
  39  3:51  Probe, Stalker  
  42  4:00  Stalker  
  42  4:02  Probe (Chrono Boost)  
  46  4:11  Probe (Chrono Boost)  
  46  4:13  Probe (Chrono Boost)  
  46  4:14  Gateway  
  47  4:18  Probe, Blink (Chrono Boost)  
  47  4:20  Probe  
  49  4:30  Probe  
  50  4:36  Probe  
  51  4:41  Stalker  
  51  4:42  Probe  
  54  4:46  Stalker  
  54  4:48  Probe  
  57  4:54  Probe  
  57  4:57  Pylon  
  57  4:59  Pylon  
  58  5:05  Probe  
  59  5:07  Stalker  
  61  5:20  Adept x2  
  62  5:22  Nexus  
  61  5:30  Probe  
  62  5:42  Pylon  
  62  5:43  Stalker  
  62  5:44  Stalker  
  62  5:46  Probe  
  62  5:47  Stalker  
  62  5:49  Probe  
  70  5:50  Assimilator  
  68  5:58  Probe  
  68  6:01  Probe  
  69  6:05  Gateway  
  69  6:09  Forge  
  69  6:10  Probe  
  70  6:12  Gateway  
  70  6:15  Probe  
  71  6:27  Stalker x3  
  71  6:31  Charge, Probe (Chrono Boost)  
  71  6:32  Probe (Chrono Boost)  
  79  6:34  Probe (Chrono Boost)  
  80  6:44  Probe (Chrono Boost)  
  80  6:46  Probe (Chrono Boost)  
  80  6:47  Probe (Chrono Boost)  
  82  6:51  Protoss Ground Weapons Level 1 (Chrono Boost), Gateway  
  82  6:52  Probe  
  82  6:53  Gateway  
  84  6:58  Probe  
  84  6:59  Shield Battery, Probe  
  86  7:11  Zealot x2, Sentry  
  86  7:12  Zealot  
  94  7:15  Probe  
  94  7:19  Photon Cannon, Pylon  
  95  7:31  Probe  
  95  7:34  Probe  
  95  7:35  Stalker  
  95  7:36  Stalker  
  101  7:39  Probe  
  101  7:40  Photon Cannon  
  101  7:43  Photon Cannon  
  102  7:47  Templar Archives  
  102  7:57  Zealot x4  
  102  8:01  Zealot x2  
  106  8:09  Gateway  
  106  8:11  Pylon  
  106  8:14  Shield Battery, Pylon  
  106  8:15  Pylon  
  103  8:23  Robotics Facility  
  103  8:25  High Templar x2  
  107  8:27  Pylon  
  107  8:30  Archon  
  107  8:31  Zealot x3, Pylon  
  113  8:48  High Templar x2  
  115  8:49  Nexus  
  115  8:51  Pylon  
  117  8:56  Zealot x2, Stalker  
  117  9:00  Gateway  
  117  9:01  Archon, Assimilator  
  123  9:03  Zealot  
  123  9:05  Assimilator  
  123  9:07  Probe  
  123  9:08  Zealot  
  128  9:15  Stalker  
  105  9:25  Stalker x4  
  105  9:31  Zealot x3  
  105  9:40  Probe  
  100  9:45  Stalker  
  100  9:50  Stalker x3  
Show
View Real Time Build Order
Export as new Build Order

goblin Protoss 

Build Orders:  

Get SALT Encoding   

  12  0:00  Probe  
  13  0:12  Probe  
  14  0:18  Pylon  
  14  0:24  Probe (Chrono Boost)  
  15  0:36  Probe (Chrono Boost), Gateway  
  16  0:45  Probe (Chrono Boost)  
  16  0:46  Assimilator  
  17  0:51  Probe  
  18  1:03  Probe  
  19  1:16  Probe  
  20  1:19  Assimilator  
  20  1:20  Pylon  
  20  1:24  Cybernetics Core  
  20  1:27  Zealot  
  20  1:28  Probe (Chrono Boost)  
  24  1:40  Probe (Chrono Boost)  
  24  1:47  Probe (Chrono Boost)  
  25  1:54  Probe  
  25  2:01  Adept  
  28  2:09  Warp Gate  
  28  2:14  Nexus  
  28  2:24  Robotics Facility  
  28  2:27  Probe  
  29  2:36  Stalker  
  31  2:44  Shield Battery  
  31  2:50  Pylon  
  31  2:57  Shield Battery  
  31  3:08  Probe (Chrono Boost), Stalker  
  34  3:18  Observer  
  36  3:20  Probe (Chrono Boost)  
  38  3:28  Probe x2 (Chrono Boost)  
  38  3:36  Probe (Chrono Boost), Gateway  
  38  3:38  Probe (Chrono Boost)  
  40  3:46  Probe x2 (Chrono Boost)  
  41  3:51  Probe (Chrono Boost)  
  41  3:52  Warp Prism  
  41  3:55  Probe  
  45  4:08  Sentry  
  45  4:09  Probe (Chrono Boost)  
  49  4:11  Probe (Chrono Boost)  
  49  4:21  Probe (Chrono Boost)  
  51  4:25  Probe (Chrono Boost)  
  51  4:26  Probe (Chrono Boost)  
  52  4:33  Probe  
  52  4:36  Adept x2  
  52  4:43  Probe (Chrono Boost)  
  50  4:51  Probe (Chrono Boost)  
  51  4:55  Nexus, Probe (Chrono Boost)  
  51  4:56  Pylon  
  53  5:01  Probe x2 (Chrono Boost)  
  53  5:03  Twilight Council  
  54  5:14  Probe  
  54  5:15  Pylon  
  54  5:18  Sentry x2  
  59  5:28  Probe  
  60  5:31  Probe  
  60  5:33  Immortal (Chrono Boost)  
  61  5:40  Probe  
  66  5:43  Shield Battery, Stalker  
  66  5:45  Stalker  
  66  5:48  Pylon x2  
  70  5:52  Blink (Chrono Boost)  
  70  6:06  Probe x2  
  72  6:19  Nexus  
  72  6:20  Pylon  
  72  6:22  Immortal  
  76  6:30  Gateway, Pylon  
  76  6:32  Gateway x2, Pylon  
  76  6:35  Gateway  
  76  6:37  Assimilator  
  76  6:42  Assimilator  
  76  6:43  Pylon x2  
  76  6:45  Stalker  
  78  6:53  Dark Shrine  
  78  7:02  Immortal  
  78  7:06  Stalker  
  82  7:19  Nexus, Robotics Bay  
  82  7:21  Stalker, Pylon  
  84  7:27  Probe  
  84  7:28  Probe  
  86  7:34  Stalker x3  
  86  7:40  Stalker  
  87  7:49  Stalker x2  
  89  7:59  Nexus  
  89  8:00  Charge, Pylon  
  89  8:06  Disruptor (Chrono Boost)  
  89  8:12  Stalker x2  
  96  8:22  Stalker x2  
  100  8:30  Shield Battery  
  100  8:31  Forge, Pylon  
  100  8:32  Probe  
  102  8:34  Probe  
  102  8:38  Disruptor (Chrono Boost)  
  105  8:59  Dark Templar x2  
  109  9:08  Dark Templar  
  111  9:16  Zealot x3  
  98  9:38  Zealot x4  
  88  9:39  Zealot  
Tags
 
Add a new tag
Caveats
  • Supply blocks, unpowered buildings, or Contaminate may cause inaccurate times.
  • Supply counts are checked every 10 seconds.